[Event "Team 45 45 League T41"]
[Site "Internet Chess Club"]
[Date "2009.06.02"]
[Round "5"]
[White "wizardbar"]
[Black "nosalt"]
[Result "0-1"]
[WhiteElo "1791"]
[BlackElo "2022"]
[Opening "Sicilian: Pelikan, Chelyabinsk variation"]
[ECO "B33"]
[Time "13:04:21"]
[TimeControl "2700+45"]

1. e4 c5 2. Nf3 Nc6 3. d4 cxd4 4. Nxd4 Nf6 5. Nc3 e5 6. Ndb5 d6 7. Bg5 a6 8. Na3
b5 9. Nd5 Be7 10. Bxf6 Bxf6 11. c3 O-O 12. Nc2 Bg5 13. Bd3 Be6 14. Nce3 Ne7 15.
Bc2 Bxe3 16. Nxe3 d5 17. O-O d4 18. cxd4 exd4 19. Nf5 Nxf5 20. exf5 Bc4 21. Bd3
Rc8 22. a4 Qb6 23. a5 Qd6 24. Rc1 Rfd8 25. b3 Bxd3 26. Qxd3 Rxc1 27. Rxc1 Qb4
28. f6 g6 29. g4 Qxa5 30. g5 b4 31. f4 Qb6 32. h4 Qe6 33. Kf2 Qg4 34. Qg3 Qf5
35. h5 gxh5 36. Qf3 Qg4 37. Qxg4 hxg4 38. Kg3 h5 39. gxh6 d3 40. Kxg4 d2 41. Rd1
a5 42. Kf3 a4 43. bxa4 b3 44. a5 b2 45. Ke2 Rc8 46. a6 Rc1 47. a7 Ra1 48. Rb1
d1=Q+ 49. Rxd1 Rxa7 50. Rd8+ Kh7 51. Rb8 Ra2 52. Kd3 Kxh6 53. Kc2 Kg6 54. Kb1
Ra6 55. Kxb2 Rc6 56. Rb4 Kxf6 57. Kb3 Kf5 58. Kb2 f6 59. Kb3 Kg4 60. Kb2 f5 61.
Kb3 Kf3 62. Kb2 Ke3 63. Kb3 Rc1 64. Kb2 Rf1 65. Kc2 Rxf4 66. Rb3+ Ke2 67. Rb8
Rc4+ 68. Kb3 Re4 69. Kc3 f4 70. Rb2+ Ke3 71. Rb1 Kf2 72. Kd3 Re3+ 73. Kd2 Re7
74. Rb8 Rd7+ 75. Kc1 f3 76. Rf8 Ke2 77. Re8+ Kf1 78. Rf8 f2 79. Kc2 Rd5 80. Rg8
Ke2 81. Re8+ Kf3 82. Rf8+ Ke3 83. Re8+ Kf4 84. Rf8+ Rf5 {White resigns} 0-1

[Event "Team 45 45 League T41"]
[Site "Internet Chess Club"]
[Date "2009.05.31"]
[Round "5"]
[White "ivanson"]
[Black "ConfusedDog589"]
[Result "1/2-1/2"]
[WhiteElo "1863"]
[BlackElo "1954"]
[Opening "French: Tarrasch, Guimard main line"]
[ECO "C04"]
[Time "20:00:11"]
[TimeControl "2700+45"]

1. e4 e6 2. d4 d5 3. Nd2 Nc6 4. Ngf3 Nf6 5. e5 Nd7 6. c3 f6 7. Bb5 Be7 8. exf6
Bxf6 9. O-O O-O 10. Re1 Re8 11. Nb3 e5 12. dxe5 Ndxe5 13. Bf4 Bg4 14. Be2 Nxf3+
15. Bxf3 Rxe1+ 16. Qxe1 Bxf3 17. Qe6+ Kh8 18. gxf3 Ne7 19. Nc5 Ng6 20. Bg3 d4
21. Rd1 b6 22. Ne4 c5 23. Nd6 Qe7 24. Nf7+ Kg8 25. Nh6+ Kh8 26. Nf7+ Kg8 {Game
drawn by mutual agreement} 1/2-1/2

[Event "Team 45 45 League T41"]
[Site "Internet Chess Club"]
[Date "2009.06.01"]
[Round "5"]
[White "CalyDeArgentina"]
[Black "Ghashgork"]
[Result "0-1"]
[WhiteElo "1801"]
[BlackElo "1836"]
[Opening "Queen's gambit accepted"]
[ECO "D20"]
[Time "14:01:55"]
[TimeControl "2700+45"]

1. d4 d5 2. c4 dxc4 3. e3 e5 4. Bxc4 exd4 5. Qb3 Qe7 6. Bd2 dxe3 7. fxe3 Nf6 8.
Ne2 Nbd7 9. Nbc3 Nb6 10. Nd5 Nfxd5 11. Bxd5 Nxd5 12. Qxd5 Qe6 13. Qf3 Bd6 14.
Nf4 Bxf4 15. Qxf4 Qd6 16. Qh4 O-O 17. Bc3 Qd3 18. Qg3 Qg6 19. Qxc7 Qxg2 20.
O-O-O Bf5 {White resigns} 0-1

[Event "Team 45 45 League T41"]
[Site "Internet Chess Club"]
[Date "2009.05.31"]
[Round "5"]
[White "Thersites"]
[Black "IceBox"]
[Result "0-1"]
[WhiteElo "1686"]
[BlackElo "1761"]
[Opening "Pirc: Austrian attack, 6.Bd3"]
[ECO "B07"]
[Time "11:00:44"]
[TimeControl "2700+45"]

1. e4 d6 2. d4 g6 3. Nc3 Bg7 4. f4 Nf6 5. Nf3 O-O 6. Bd3 c5 7. dxc5 dxc5 8. Be3
b6 9. h3 Bb7 10. Qd2 Nc6 11. a3 a6 12. g4 Nd4 13. Qf2 Nxf3+ 14. Qxf3 Qc7 15. Qf2
Rac8 16. O-O-O b5 17. e5 Nd5 18. Ne4 Nxe3 19. Qxe3 Rfd8 20. Be2 c4 21. Rxd8+
Rxd8 22. Rd1 Rc8 23. Qd4 f6 24. exf6 Qxf4+ 25. Kb1 Qxe4 26. Qxe4 Bxe4 27. fxg7
Kxg7 28. g5 Rc6 29. Kc1 h6 30. Rd7 Re6 31. Bg4 Bf5 32. gxh6+ Kxh6 33. Bf3 Re1+
34. Kd2 Bxd7 35. Kxe1 Bxh3 36. Kf2 Bc8 37. Ke3 g5 38. Kd4 g4 39. Bg2 Kg5 40. Ke5
a5 41. c3 Bd7 42. Be4 Kh4 43. Kf4 Kh3 44. Ke3 e5 45. Bd5 Bf5 46. Bc6 g3 47. Ke2
e4 {White resigns} 0-1

[Event "Team 45 45 League T41"]
[Site "Internet Chess Club"]
[Date "2009.05.30"]
[Round "5"]
[White "alexcluster"]
[Black "civilization"]
[Result "1/2-1/2"]
[WhiteElo "1587"]
[BlackElo "1655"]
[Opening "Old Indian defense"]
[ECO "A42"]
[Time "12:05:09"]
[TimeControl "2700+45"]

1. d4 d6 2. c4 e5 3. dxe5 dxe5 4. Qxd8+ Kxd8 5. Nf3 f6 6. Bd2 Be6 7. e3 c6 8.
Bc3 Nd7 9. Nbd2 Kc7 10. Be2 Nh6 11. O-O Nf7 12. Rfd1 Bd6 13. b4 b6 14. Nb3 c5
15. bxc5 Nxc5 16. Nxc5 Bxc5 17. Nd2 Rhd8 18. Nb3 Be7 19. c5 Rxd1+ 20. Rxd1 Rd8
21. cxb6+ axb6 22. Rxd8 Kxd8 23. Kf1 Kc7 24. Ke1 Kc6 25. Bd3 g6 26. Be4+ Kc7 27.
Bb1 Kc6 28. Be4+ Kb5 29. Bd3+ Ka4 30. Bc2 Ka3 31. Nc1 Bxa2 32. Nxa2 Kxa2 33. Kd2
Ka3 34. Kc1 Nd6 35. Bb2+ Kb4 36. Kb1 Nc4 37. Bc1 Na3+ 38. Bxa3+ Kxa3 39. f3 b5
40. e4 b4 41. h3 h6 42. Bd3 Kb3 43. Bb5 Kc3 44. Be8 g5 45. Bh5 b3 46. g3 b2 47.
h4 Bc5 48. hxg5 hxg5 49. Bf7 Bd4 50. g4 Kd3 51. Be6 Ke3 52. Kc2 Kxf3 53. Bf5 Ke3
54. Kb1 Kd3 55. Bg6 Kd2 56. Bf5 Kc3 57. Bg6 f5 58. Bxf5 {Game drawn by mutual
agreement} 1/2-1/2

[Event "Team 45 45 League T41"]
[Site "Internet Chess Club"]
[Date "2009.05.31"]
[Round "5"]
[White "Gwyddbwyll"]
[Black "egd01"]
[Result "0-1"]
[WhiteElo "1645"]
[BlackElo "1541"]
[Opening "Sicilian: Smith-Morra gambit"]
[ECO "B21"]
[Time "16:29:52"]
[TimeControl "2700+45"]

1. e4 c5 2. d4 cxd4 3. c3 d5 4. e5 e6 5. Nf3 dxc3 6. Nxc3 Bb4 7. Qa4+ Nc6 8. Bb5
Bxc3+ 9. bxc3 Ne7 10. Bg5 Bd7 11. O-O a6 12. Bxc6 Bxc6 13. Qb4 Qc7 14. Qxe7+
Qxe7 15. Bxe7 Kxe7 16. Nd4 Rac8 17. Rfc1 b5 18. a4 bxa4 19. Nxc6+ Rxc6 20. Rxa4
Rhc8 21. g3 f6 22. f4 Kf7 23. h4 Kg6 24. g4 h5 25. exf6 gxf6 26. g5 e5 27. fxe5
fxe5 28. Re1 Kf5 29. Rf1+ Kg6 30. Ra5 Rd8 31. c4 Rcd6 32. cxd5 R8d7 33. Rf6+
Rxf6 34. gxf6 Kxf6 35. Rxa6+ Kf5 36. Rh6 Kg4 37. Rg6+ Kxh4 38. Kf2 Rxd5 39. Ke3
Rb5 40. Rg1 Rb3+ 41. Ke4 Rg3 42. Rh1+ Kg4 43. Kxe5 h4 44. Ke4 h3 45. Rf1 h2 46.
Rf4+ Kh3 47. Rf1 Kg2 48. Kf4 Kxf1 {White resigns} 0-1

[Event "Team 45 45 League T41"]
[Site "Internet Chess Club"]
[Date "2009.05.30"]
[Round "5"]
[White "HumanTornado"]
[Black "fileman"]
[Result "1-0"]
[WhiteElo "1964"]
[BlackElo "1898"]
[Opening "KP: Nimzovich defense"]
[ECO "A04"]
[Time "09:32:51"]
[TimeControl "2700+45"]

1. Nf3 Nc6 2. e4 d6 3. h3 e5 4. d4 exd4 5. Nxd4 Nxd4 6. Qxd4 Qf6 7. Qe3 Bd7 8.
Nc3 a6 9. Bd2 Ne7 10. O-O-O Nc6 11. Nd5 Qd8 12. Qb3 Qc8 13. f4 Be7 14. f5 Bd8
15. Qg3 Ne5 16. Qxg7 Rf8 17. Bh6 Be7 18. f6 {Black resigns} 1-0

[Event "Team 45 45 League T41"]
[Site "Internet Chess Club"]
[Date "2009.05.31"]
[Round "5"]
[White "LoseOften"]
[Black "jack25"]
[Result "1-0"]
[WhiteElo "1871"]
[BlackElo "1925"]
[Opening "Alekhine's defense: four pawns attack, fianchetto variation"]
[ECO "B03"]
[Time "03:33:20"]
[TimeControl "2700+45"]

1. e4 Nf6 2. e5 Nd5 3. d4 d6 4. c4 Nb6 5. f4 g6 6. Be3 Bg7 7. Nc3 dxe5 8. fxe5
O-O 9. Qd2 Nc6 10. h4 Bf5 11. h5 f6 12. hxg6 Bxg6 13. e6 f5 14. Nf3 a6 15. Bh6
Bxh6 16. Rxh6 Kg7 17. d5 Na5 18. Rh3 c6 19. Qh6+ Kg8 20. Ng5 {Black resigns} 1-0

[Event "Team 45 45 League T41"]
[Site "Internet Chess Club"]
[Date "2009.05.31"]
[Round "5"]
[White "isolani"]
[Black "Steinwitz"]
[Result "0-1"]
[WhiteElo "1484"]
[BlackElo "1717"]
[Opening "Scandinavian: Marshall variation"]
[ECO "B01"]
[Time "09:00:23"]
[TimeControl "2700+45"]

1. e4 d5 2. exd5 Nf6 3. d4 Nxd5 4. c4 Nb6 5. Nc3 g6 6. h3 Bg7 7. Nf3 O-O 8. Be2
Nc6 9. Be3 e5 10. dxe5 Nxe5 11. Nxe5 Bxe5 12. O-O Be6 13. Bxb6 axb6 14. a3 Qh4
15. Qc2 Bxh3 16. Qe4 Qxe4 17. Nxe4 Bf5 18. Nc3 Bxc3 19. bxc3 {White resigns} 0-1

[Event "Team 45 45 League T41"]
[Site "Internet Chess Club"]
[Date "2009.05.29"]
[Round "5"]
[White "predkoo"]
[Black "budugu"]
[Result "1-0"]
[WhiteElo "1658"]
[BlackElo "1611"]
[Opening "Bird's opening"]
[ECO "A03"]
[Time "03:00:08"]
[TimeControl "2700+45"]

1. f4 d5 2. e3 e6 3. Nf3 Nc6 4. Bb5 Nf6 5. O-O Be7 6. b3 a6 7. Bxc6+ bxc6 8. Ne5
c5 9. Nc6 Qd6 10. Nxe7 Qxe7 11. Ba3 Nd7 12. Nc3 Qf6 13. Na4 O-O 14. Nxc5 Nxc5
15. Bxc5 Rd8 16. Bd4 Qg6 17. Rf3 Qh5 18. Qe1 f6 19. Rh3 Qg6 20. Rg3 Qh6 21. Qe2
Kf7 22. Rf1 g6 23. Qd3 Bd7 24. Qc3 Qg7 25. Qxc7 Rac8 26. Qb6 Bb5 27. d3 Qf8 28.
f5 Rd6 29. fxg6+ hxg6 30. Rxf6+ Ke7 31. Rxf8 Rxf8 32. Bc5 {Black resigns} 1-0